 Dungeon Crawl Stone Soup version 0.18-a0-1267-gff090c1 (webtiles) character file.

541480 kroki the Impregnable (level 24, -1/257 HPs)
             Began as a Minotaur Berserker on Feb 6, 2016.
             Was the Champion of Makhleb.
             Killed by the air
             ... invoked by a spriggan air mage
             ... led by the Enchantress
              (32 damage)
             ... on level 4 of the Depths.
             The game lasted 02:11:58 (68409 turns).

kroki the Impregnable (Minotaur Berserker)         Turns: 68409, Time: 02:11:58

Health: -1/257     AC: 38    Str: 28    XL:     24   Next: 75%
Magic:  12/12      EV: 21    Int:  4    God:    Makhleb [******]
Gold:   4401       SH:  0    Dex: 22    Spells: 0 memorised, 23 levels left

rFire  + . .     SeeInvis .     R - +9 battleaxe (antimagic)
rCold  + + .     Gourm    .     j - +0 gold dragon armour {rC+, rF+, rPois}
rNeg   . . .     Faith    .     (shield currently unavailable)
rPois  +         Spirit   .     U - +2 hat
rElec  .         Dismiss  .     y - +2 cloak {+Inv}
rCorr  .         Reflect  .     L - +3 pair of gauntlets of War {Slay+5}
SustAt .         Harm     .     E - +0 pair of boots (curse)
MR     +++..                    F - amulet of regeneration {+regen, !d}
Stlth  ..........               t - ring of protection from magic {MR+, !d}
                                o - ring "Astruut" {rC+ MR+ Dex+4 Stlth+}

@: about to teleport, very slightly contaminated, extremely resistant to hostile
enchantments, extremely unstealthy
A: retaliatory headbutt, horns 2, sense surroundings 1, robust 1, shaggy fur 1,
strong 1
a: Minor Destruction, Lesser Servant of Makhleb, Major Destruction, Greater
Servant of Makhleb, Renounce Religion, Evoke Invisibility
}: 3/15 runes: barnacled, abyssal, gossamer


You were on level 4 of the Depths.
You worshipped Makhleb.
Makhleb was exalted by your worship.
You were very hungry.

You visited 10 branches of the dungeon, and saw 48 of its levels.
You visited the Abyss 1 time.
You also visited: Labyrinth and Volcano.

You collected 6848 gold pieces.
You spent 2447 gold pieces at shops.

Inventory:

Hand Weapons
 I - a +1 vampiric battleaxe {!w}
   (Trog gifted it to you on level 4 of the Vaults)
 R - a +9 antimagic battleaxe (weapon)
   (Trog gifted it to you on level 3 of the Shoals)
Missiles
 f - 4 curare-tipped needles
 K - 9 throwing nets {=f, !d}
Armour
 j - a +0 gold dragon armour (worn) {rC+, rF+, rPois}
   (You found it on level 1 of the Dungeon)
 y - a +2 cloak of invisibility (worn)
   (You took it off Nikola on level 1 of the Vaults)
 E - a cursed +0 pair of boots (worn)
   (You found it on level 4 of the Vaults)
 L - the +3 pair of gauntlets of War (worn) {Slay+5}
   (You acquired it on level 1 of the Elven Halls)

   It affects your accuracy and damage with ranged weapons and melee attacks
   (+5).
 U - a +2 hat (worn)
   (You found it on level 9 of the Dungeon)
Rods
 e - a +4 rod of clouds (9/9) {!a}
   (You found it on level 3 of the Spider Nest)
 g - a +6 rod of clouds (4/12) {!a}
   (You bought it in a shop on level 2 of the Orcish Mines)
 D - a +3 rod of shadows (6/17)
   (You found it on level 9 of the Dungeon)
 G - a +2 rod of ignition (14/14) {!a}
   (You found it on level 5 of the Lair of Beasts)
 P - a +6 rod of clouds (9/9) {!a}
   (You took it off a vampire on level 3 of the Crypt)
Jewellery
 o - the ring "Astruut" (left hand) {rC+ MR+ Dex+4 Stlth+}
   (You found it on level 13 of the Dungeon)

   [ring of stealth]

   It affects your dexterity (+4).
   It protects you from cold.
   It affects your resistance to hostile enchantments.
   It makes you more stealthy.
 t - a ring of protection from magic (right hand) {MR+, !d}
   (You found it on level 4 of the Dungeon)
 F - an amulet of regeneration (around neck) {+regen, !d}
   (You found it on level 11 of the Dungeon)
Wands
 d - a wand of heal wounds (2/9)
   (You found it on level 4 of the Lair of Beasts)
Scrolls
 b - 7 scrolls of enchant armour
 h - 6 scrolls of immolation {!r}
 p - 3 scrolls of fog
 q - 16 scrolls of remove curse
 r - 7 scrolls of teleportation
 s - 2 scrolls of enchant weapon
 C - a scroll of brand weapon
 J - 6 scrolls of magic mapping {!r}
 M - 2 scrolls of summoning
 N - a scroll of holy word {!r}
 W - 9 scrolls of identify
Potions
 a - 4 potions of resistance
 k - 7 potions of agility
 l - 11 potions of might
 n - 11 potions of flight
 u - 2 potions of cure mutation {!q}
 v - 3 potions of cancellation
 w - 3 potions of brilliance
 z - 2 potions of magic
 A - 7 potions of curing
 Z - 2 potions of invisibility
Books
 m - a book of Annihilations
   (You found it on level 3 of the Depths)
 T - a book of Ice
   (You found it on level 3 of the Elven Halls)
Miscellaneous
 c - a phial of floods
   (You bought it in a shop on level 2 of the Orcish Mines)
 O - a plain deck of changes
   (You found it on level 3 of the Depths)
 Q - a plain deck of destruction
   (You found it on level 4 of the Abyss)
 S - a plain deck of wonders
   (You found it on level 1 of the Depths)
 V - a fan of gales
   (You found it on level 8 of the Lair of Beasts)
 X - an ornate deck of defence {the Helm, drawn: 1}
   (You found it on level 3 of the Crypt)
 Y - a plain deck of destruction
   (You found it on level 3 of the Depths)
Comestibles
 i - 5 chunks of flesh {@w0}
 x - 59 fruits
 B - 12 meat rations {@e2}
 H - 7 bread rations {@e1}


   Skills:
 - Level 22.8 Fighting
 - Level 20.4 Axes
 + Level 23.2 Armour
 + Level 18.5 Dodging
 * Level 21.5 Evocations


You had 23 spell levels left.
You didn't know any spells.

Dungeon Overview and Level Annotations

Branches:
Dungeon (15/15)            Temple (0/1) D:7            Lair (8/8) D:8
 Shoals (4/4) Lair:5       Spider (4/4) Lair:4        Slime (1/6) Lair:7
    Orc (2/2) D:9             Elf (3/3) Orc:2        Vaults (4/5) D:14
  Crypt (3/3) Vaults:3       Tomb (0/3) Crypt:3      Depths (4/5) D:15

Altars:
Cheibriados
Dithmenos
Elyvilon
Fedhas
Gozag
Kikubaaqudgha
Makhleb
Nemelex Xobeh
Ru
Trog
Vehumet
Xom
Yredelemnul
The Shining One
Jiyva

Shops:
D:9 *   D:10 }   Orc:2 }*}::   Elf:1 [   Vaults:2 (   Vaults:3 %(*   Vaults:4 !

Portals:
Hell: Depths:1 Depths:2 Depths:3
Abyss: Depths:1* Depths:3
Pandemonium: Depths:1 Depths:2 Depths:3
Ziggurat: Depths:3

Annotations:
Depths:4 Mennas, the Enchantress


Innate Abilities, Weirdness & Mutations

You reflexively headbutt those who attack you in melee.
You have a pair of horns on your head.
You passively map a small area around you.
You are robust (+10% HP).
You are covered in fur (AC +1).
Your muscles are strong. (Str +2)


Message History

The spriggan hits you but does no damage.
The ettin gestures.
Mennas hits you with a scimitar of holy wrath.
* * * LOW HITPOINT WARNING * * *
Mennas barely misses you.
Lightning arcs down from a storm cloud! 2 ugly things come into view.
You regained 9 hp, and now have 54/257 hp.
The Enchantress hits you but does no damage.
You are more poisoned.
The deep troll earth mage bites you but does no damage.
The deep troll earth mage claws you but does no damage.
The deep troll earth mage closely misses you.
An ugly thing and a spriggan rider come into view.
You feel sick.
The Enchantress hits you but does no damage.
You take 1 damage, and have 54/257 hp.
Unknown command.
You feel sick. Something hits you but does no damage.
Deactivating autopickup; reactivate with Ctrl-A.
Unknown command.
Something hits you but does no damage.
Unknown command.
You feel sick.
You feel sick. The deep troll bites you.
* * * LOW HITPOINT WARNING * * *
The deep troll claws you but does no damage.
The deep troll barely misses you.
You take 1 damage, and have 54/257 hp.
You are no longer firmly anchored in space.
Something hits you.
* * * LOW HITPOINT WARNING * * *
You take 4 damage, and have 50/257 hp.
Unknown command.
You feel sick.
Unknown command.
Something hits you.
* * * LOW HITPOINT WARNING * * *
You are more poisoned.
Something hits you.
* * * LOW HITPOINT WARNING * * *
The spriggan hits you but does no damage.
You hear a mighty clap of thunder!
You take 6 damage, and have 44/257 hp.
Read which item? (? for menu, Esc to quit)
As you read the scroll of teleportation, it crumbles to dust.
You feel strangely unstable.
You feel sick.
The spriggan air mage waves its arms in wide circles.
The air twists around and strikes you!
* * * LOW HITPOINT WARNING * * *
Something hits you but does no damage.
You hear a grinding noise.
The red ugly thing basks in the mutagenic energy from its kin and changes!
The spriggan closely misses you.
You take 10 damage, and have 34/257 hp.
Unknown command.
Wield which item (- for none, * to show all)? (? for menu, Esc to quit)
You feel magic leave you.
R - a +9 antimagic battleaxe (weapon)
You feel less vulnerable to hostile enchantments.
You feel sick. Something hits you!
* * * LOW HITPOINT WARNING * * *
You take 10 damage, and have 24/257 hp.
You now have 12/12 mp.
Unknown command.
You feel sick.
You hear some strange, mumbled words.
Something tries to affect you, but you resist.
Unknown command.
You feel sick.
The spriggan hits you but does no damage.
Something barely misses you. The deep troll completely misses you.
You furiously retaliate!
You headbutt the deep troll. The deep troll claws you.
* * * LOW HITPOINT WARNING * * *
The deep troll claws you but does no damage.
You take 5 damage, and have 19/257 hp.
Unknown command.
Drink which item? (? for menu, Esc to quit)
You feel better.
The deep troll earth mage gestures next to the red ugly thing while chanting.
Some rock shatters into small pieces.
The green ugly thing basks in the mutagenic energy from its kin and changes!
The spriggan hits you but does no damage.
You hear some strange, mumbled words.
You resist with almost no effort.
The deep troll bites you but does no damage.
The deep troll completely misses you. x2
You regained 9 hp, and now have 28/257 hp.
Unknown command.
Your surroundings suddenly seem different.
The spriggan air mage casts a spell.
The winds start to flow at the spriggan air mage's will.
You swing at nothing.
Read which item? (? for menu, Esc to quit)
As you read the scroll of teleportation, it crumbles to dust.
You feel strangely unstable.
Mennas gestures frantically.
You resist with almost no effort.
The spriggan air mage waves its arms in wide circles.
The air twists around and strikes you!
You die...

* ### ### *,#.###.#####*
.#..#...#..#..#
#.uTT.CT@......#
#####...u.iT....#.## *
#§......i.T........#
#§........A......#..
#....###............,
###.#*##uu..........
####...###...§.........
##§§.....#.......##.....
, * #.§§.....TA.T.......


You could see Mennas, 4 ugly things, an ettin, 2 deep trolls, a spriggan air
mage, 3 deep troll earth magi and a spriggan.

Vanquished Creatures
  An ancient lich (Crypt:3)
  Mara (Depths:1)
  Saint Roka (Elf:2)
  Norris (Spider:4)
  2 curse toes (Crypt:3)
  5 caustic shrikes (Depths:3)
  Nikola (Vaults:1)
  2 golden dragons (Depths:3)
  5 liches
  A tentacled monstrosity (Depths:3)
  Asterion (Elf:2)
  2 deep elf master archers (Elf:3)
  2 deep elf blademasters (Elf:3)
  A titan (Depths:3)
  A kraken (Shoals:1)
  Frances (Elf:1)
  2 sphinxes
  6 tentacled starspawn (Abyss:4)
  5 ancient champions
  The ghost of abixa the Fencer, an adept HuAr of Okawaru (D:15)
  An Executioner (Abyss:4)
  2 shadow dragons
  Roxanne (Elf:2)
  A tengu reaver (Depths:3)
  Ilsuiw (Shoals:4)
  2 revenants
  5 fire giants
  A daeva (Abyss:4)
  Donald (Shoals:2)
  4 vault wardens
  Maud (D:14)
  3 deep elf sorcerers (Elf:3)
  Louise (Shoals:4)
  2 ghost moths (Spider:4)
  5 ghouls
  An orc warlord (D:14)
  6 emperor scorpions
  A reaper (Crypt:3)
  4 spriggan defenders
  4 deep elf elementalists
  13 stone giants
  10 ironheart preservers
  A caustic shrike skeleton (Depths:1)
  2 salamander stormcallers (Vaults:3)
  14 very ugly things
  5 deep elf demonologists
  8 vampire knights
  4 deep elf annihilators (Elf:3)
  Nessos (Lair:8)
  4 spark wasps
  5 merfolk javelineers
  5 vault guards
  9 eidola
  2 green deaths (Abyss:4)
  9 deep elf death magi
  A minotaur (Lab)
  3 ettins
  A blizzard demon (Depths:3)
  5 jiangshi
  6 fire dragons
  Josephine (D:11)
  2 deep elf high priests (Elf:3)
  5 yaktaur captains
  7 great orbs of eyes
  5 merfolk impalers
  The ghost of Chiseanne the Protected, a journeyman CeAE of Gozag (D:11)
  2 entropy weavers
  5 rakshasas
  6 hydras
  An iron giant zombie (Crypt:1)
  3 merfolk avatars
  An ice dragon (shapeshifter) (Vaults:2)
  A naga warrior (Abyss:4)
  2 spriggan air magi
  3 death knights
  11 ice dragons
  9 merfolk aquamancers
  11 centaur warriors
  8 ogre magi
  An alligator snapping turtle (Shoals:2)
  An anaconda (shapeshifter) (Depths:3)
  A deep troll shaman (D:15)
  3 satyrs
  3 deep troll earth magi
  9 vampire magi
  20 thrashing horrors (Abyss:4)
  23 dancing weapons
  6 spriggan berserkers (Depths:3)
  2 tengu warriors (Depths:3)
  5 orc high priests
  A soul eater (Crypt:2)
  3 fire crabs
  14 deep elf knights
  3 shadow wraiths
  8 wretched stars
  An iron troll (D:15)
  A golden dragon zombie (Crypt:1)
  12 sea snakes
  44 skeletal warriors
  A spatial maelstrom (Abyss:4)
  2 giant orange brains
  14 deep trolls
  6 unseen horrors
  7 wizards
  A shadow demon (Depths:1)
  12 deep elf archers
  An orange crystal statue (D:13)
  7 flayed ghosts
  An obsidian statue (D:13)
  46 deep elf magi
  6 hill giants
  A harpy (shapeshifter) (Vaults:2)
  11 ironbrand convokers
  14 harpies
  10 phantasmal warriors
  19 orc knights
  An anaconda skeleton (Crypt:1)
  6 necromancers
  An iron dragon zombie (Crypt:3)
  A tengu skeleton (Vaults:3)
  24 wolf spiders
  A sphinx zombie (Crypt:3)
  10 orb spiders
  A shadow dragon skeleton (Crypt:3)
  22 griffons
  An oklob plant (Lair:2)
  65 ugly things
  6 orc sorcerers
  A stone giant zombie (Vaults:1)
  30 slime creatures
  2 sixfirhies
  11 fauns
  A fire giant zombie (Crypt:1)
  3 salamanders (Abyss:4)
  2 wolf spider zombies
  A cyclops (shapeshifter) (Vaults:1)
  3 hornets
  3 moths of wrath
  2 worldbinders (Abyss:4)
  12 sirens
  2 centaur zombies (D:13)
  4 cyclopes
  10 manticores
  3 water nymphs
  A guardian serpent (Abyss:4)
  8 vault sentinels
  2 rust devils (Depths:1)
  5 elephants (Lair:7)
  13 black mambas
  2 stone giant skeletons
  A frost giant skeleton (Vaults:3)
  2 ice statues (Depths:3)
  9 human skeletons
  4 molten gargoyles (Elf:1)
  3 gargoyles
  3 smoke demons
  A kobold demonologist (D:8)
  An elephant slug zombie (Crypt:2)
  17 spiny frogs
  A torpor snail (Lair:6)
  A dire elephant skeleton (Crypt:1)
  A komodo dragon (shapeshifter) (Depths:1)
  An anaconda simulacrum (Crypt:3)
  15 demonic crawlers
  A grey draconian skeleton (Crypt:3)
  16 yaktaurs
  3 fire drakes (Lair:8)
  An efreet (D:13)
  10 komodo dragons
  A fire drake (shapeshifter) (Vaults:4)
  A guardian mummy (Crypt:3)
  10 freezing wraiths
  A red draconian skeleton (Crypt:2)
  4 trolls
  An ice devil (Depths:3)
  6 ancient zymes (Abyss:4)
  2 hydra zombies
  A black draconian skeleton (Crypt:2)
  A yaktaur skeleton (Vaults:3)
  41 merfolk
  3 tengu conjurers
  2 queen bees (shapeshifter)
  A polar bear (Depths:2)
  2 hydra skeletons (Crypt:3)
  24 jumping spiders
  3 wind drakes (Shoals:4)
  35 two-headed ogres
  3 boulder beetles
  17 raiju (Abyss:4)
  32 blink frogs
  An ettin zombie (Crypt:1)
  5 snapping turtles
  An alligator zombie (Crypt:1)
  A satyr zombie (Crypt:3)
  A frost giant simulacrum (Crypt:3)
  A centaur simulacrum (D:14)
  67 redbacks
  8 spriggans
  3 shadows
  8 wyverns
  2 vampires
  A spriggan (shapeshifter) (Vaults:4)
  2 ettin skeletons (Vaults:3)
  An ice dragon skeleton (Crypt:1)
  A dire elephant simulacrum (Crypt:1)
  3 ynoxinuls (Abyss:4)
  4 flying skulls (Crypt:1)
  20 water elementals
  7 air elementals
  20 tarantellas
  17 wraiths
  4 fire elementals
  7 fire bats
  18 humans (D:14)
  49 yaks
  A chaos spawn (Depths:1)
  A basilisk (shapeshifter) (Depths:2)
  9 hippogriffs
  2 steam dragons (Lair:8)
  5 basilisks
  A neqoxec (Abyss:4)
  7 hungry ghosts
  10 wargs
  15 vampire mosquitoes
  9 wolves (Lair:1)
  A deep troll zombie (Vaults:1)
  5 mottled dragons
  A naga (Abyss:4)
  A soldier ant (D:14)
  15 large abominations (Abyss:4)
  24 water moccasins
  A spiny frog zombie (Crypt:1)
  3 hell hounds
  2 swamp drakes (Lair:8)
  6 porcupines
  6 ice beasts
  An anubis guard zombie (Crypt:3)
  9 wasps
  7 black bears
  An eye of draining (D:12)
  4 phantoms
  46 orc warriors
  6 sky beasts
  An ice dragon simulacrum (Crypt:3)
  46 ogres
  7 boggarts
  5 necrophages
  A blink frog skeleton (Crypt:1)
  19 centaurs
  A snapping turtle skeleton (Crypt:3)
  26 crocodiles
  6 big kobolds
  A dryad zombie (Crypt:2)
  15 giant frogs
  3 gnoll sergeants (D:11)
  4 earth elementals
  A water moccasin zombie (D:8)
  A cyclops skeleton (Crypt:3)
  9 small abominations (Abyss:4)
  4 scorpions
  6 wights
  A yak skeleton (Crypt:1)
  9 electric eels
  3 vampire bats
  8 crimson imps
  A human simulacrum (Vaults:2)
  9 lava snakes (Volcano)
  36 starcursed masses (Abyss:4)
  2 giant frog zombies
  7 hounds
  A quasit (D:5)
  25 orc priests
  2 giant frog skeletons
  2 gnoll shamans (D:11)
  8 jellies
  8 centaur skeletons
  A basilisk skeleton (Crypt:2)
  11 iguanas
  30 orc wizards
  5 worker ants
  A killer bee zombie (D:7)
  45 sheep
  A sky beast zombie (Crypt:3)
  A felid skeleton (Crypt:3)
  2 hound zombies
  12 mummies (Crypt:3)
  2 worker ant zombies
  9 gnolls
  11 adders
  53 river rats
  8 shadow imps
  3 white imps
  An ufetubus (Depths:3)
  An adder skeleton (D:6)
  5 worms
  6 giant geckos
  101 orcs
  A ball python (D:1)
  3 bat skeletons (D:8)
  A bat zombie (D:8)
  8 giant cockroaches
  8 goblins
  12 hobgoblins
  14 jackals
  25 kobolds
  5 quokkas
  A ball python skeleton (Crypt:2)
  20 bats
  A giant gecko zombie (D:8)
  4 giant newts
  A gnoll zombie (Crypt:1)
  A kobold skeleton (Crypt:3)
  2 orc skeletons
  A quokka skeleton (D:7)
  7 rats
  A bush (D:11)
  5 fungi
  24 plants
  5 starspawn tentacles (Abyss:4)
  3 tentacles
  2 tentacle segments (Shoals:1)
2336 creatures vanquished.

Vanquished Creatures (collateral kills)
  A caustic shrike (Depths:3)
  Arachne (Spider:4)
  Jorgrun (Shoals:3)
  A tentacled monstrosity (Depths:3)
  5 ancient champions
  A kraken (Shoals:3)
  A tengu reaver (Depths:3)
  A storm dragon (Vaults:4)
  3 fire giants
  A deep elf sorcerer (Elf:3)
  A ghost moth (Spider:4)
  2 emperor scorpions (Spider:4)
  An orc warlord (Orc:2)
  A very ugly thing (Vaults:1)
  A spriggan defender (Depths:4)
  4 ironheart preservers
  A stone giant (Vaults:4)
  A juggernaut skeleton (Crypt:1)
  2 merfolk javelineers
  4 ettins
  Snorg (D:13)
  2 jiangshi
  A yaktaur captain (Vaults:1)
  2 merfolk impalers
  4 fire dragons
  A vault guard (D:14)
  A rakshasa (Depths:2)
  An entropy weaver (Spider:3)
  A hydra (D:15)
  Harold (D:15)
  5 ogre magi
  A death knight (Vaults:2)
  3 ice dragons
  3 centaur warriors
  2 merfolk aquamancers
  7 dancing weapons (Elf:2)
  A satyr (Shoals:1)
  A tengu warrior (D:15)
  A thrashing horror (Abyss:4)
  A deep troll earth mage (Depths:3)
  Urug (Orc:1)
  A spriggan berserker (Depths:4)
  An orc high priest (Orc:2)
  4 deep elf knights (Elf:2)
  2 skeletal warriors (Crypt:2)
  An anaconda zombie (Crypt:1)
  4 deep trolls
  An unseen horror (Vaults:1)
  2 deep elf archers
  5 harpies
  A necromancer (D:14)
  2 ironbrand convokers
  2 wolf spiders
  4 orc knights
  8 deep elf magi
  5 fauns
  A wolf spider zombie (Crypt:3)
  12 orb spiders
  An orc sorcerer (Orc:2)
  A griffon (Shoals:4)
  14 ugly things
  A hornet (Vaults:3)
  A cyclops (D:15)
  2 manticores
  A water nymph (Shoals:2)
  A frost giant zombie (Depths:1)
  3 sirens (Shoals:4)
  A smoke demon (Abyss:4)
  A centaur skeleton (D:15)
  2 demonic crawlers
  9 yaktaurs
  5 freezing wraiths
  A spriggan skeleton (Depths:1)
  14 merfolk
  8 jumping spiders
  2 wind drakes
  A troll (D:15)
  3 two-headed ogres
  2 snapping turtles (Shoals:4)
  3 boulder beetles
  7 slime creatures
  A slime creature (shapeshifter) (Vaults:1)
  3 blink frogs
  4 raiju (Abyss:4)
  2 tarantellas
  An air elemental (Elf:1)
  7 redbacks
  A spriggan (Depths:3)
  A yak (D:12)
  2 water elementals (Shoals:1)
  A fire bat (Shoals:4)
  A wyvern (Depths:3)
  2 hippogriffs (D:15)
  A vampire mosquito (Vaults:1)
  A mottled dragon (Vaults:1)
  A hell hound (Abyss:4)
  6 orc warriors
  A wasp (Depths:3)
  2 ogres
  4 centaurs
  A big kobold (shapeshifter) (Vaults:4)
  A yaktaur skeleton (Crypt:2)
  A wight (Crypt:2)
  An electric eel (Spider:4)
  2 orc priests
  An orc wizard (Orc:2)
  A sheep (Shoals:1)
  11 orcs
  2 tentacles (Shoals:3)
278 creatures vanquished.

Vanquished Creatures (others)
  A deep elf elementalist (Elf:3)
  2 stone giants
  A necromancer (Depths:1)
  An ugly thing (Depths:2)
  A vault sentinel (Vaults:3)
  A merfolk (Shoals:2)
  An orc wizard (D:5)
  An orc (Vaults:4)
  A quokka (D:2)
  A bush (D:11)
  9 fungi
  6 lost souls
  A lurking horror (Abyss:4)
  43 plants
  14 starspawn tentacles (Abyss:4)
  24 starspawn tentacle segments (Abyss:4)
  16 tentacles
  559 tentacle segments
683 creatures vanquished.

Grand Total: 3297 creatures vanquished

Notes
Turn   | Place    | Note
--------------------------------------------------------------
     0 | D:1      | kroki the Minotaur Berserker began the quest for the Orb.
     0 | D:1      | Reached XP level 1. HP: 19/19 MP: 0/0
   667 | D:1      | Reached XP level 2. HP: 24/27 MP: 1/1
   714 | D:1      | Reached skill level 4 in Axes
   973 | D:1      | Reached skill level 4 in Fighting
  1297 | D:2      | Reached ** piety under Trog
  1429 | D:2      | Reached XP level 3. HP: 34/34 MP: 2/2
  1775 | D:2      | Reached XP level 4. HP: 41/41 MP: 3/3
  1982 | D:2      | Reached skill level 5 in Axes
  2028 | D:2      | Reached skill level 5 in Fighting
  2053 | D:2      | Found a white marble altar of Elyvilon.
  2611 | D:3      | Reached *** piety under Trog
  3209 | D:3      | Found a sacrificial altar of Ru.
  3210 | D:3      | Found a glowing golden altar of the Shining One.
  3325 | D:3      | Reached XP level 5. HP: 46/48 MP: 4/4
  4321 | D:4      | Reached skill level 6 in Axes
  4427 | D:5      | Entered Level 5 of the Dungeon
  4432 | D:5      | Noticed an ogre
  4439 | D:5      | Killed an ogre
  4439 | D:5      | Reached skill level 6 in Fighting
  4439 | D:5      | Reached XP level 6. HP: 58/58 MP: 5/5
  4501 | D:5      | Found a shadowy altar of Dithmenos.
  4579 | D:5      | Found a burning altar of Makhleb.
  4720 | D:5      | Reached skill level 7 in Fighting
  4720 | D:5      | Reached skill level 7 in Axes
  4720 | D:5      | Reached XP level 7. HP: 53/66 MP: 6/6
  4951 | D:5      | Reached **** piety under Trog
  5556 | D:5      | Found an opulent altar of Gozag.
  5602 | D:5      | Reached skill level 8 in Fighting
  5602 | D:5      | Reached skill level 8 in Axes
  6105 | D:5      | Reached XP level 8. HP: 71/75 MP: 7/7
  6289 | D:6      | Reached skill level 9 in Fighting
  6321 | D:6      | Reached skill level 9 in Axes
  6857 | D:6      | Reached skill level 3 in Armour
  6931 | D:6      | Reached skill level 4 in Armour
  7531 | D:7      | Reached skill level 5 in Armour
  8013 | D:7      | Found a staircase to the Ecumenical Temple.
  8271 | D:7      | Lost intelligence.
  8320 | D:7      | Reached XP level 9. HP: 53/85 MP: 8/8
  8573 | D:7      | Reached skill level 10 in Fighting
  8573 | D:7      | Reached skill level 6 in Armour
  8743 | D:8      | Found a staircase to the Lair.
  8764 | D:8      | Reached skill level 10 in Axes
  9505 | D:8      | Noticed a centaur warrior
  9511 | D:8      | Killed a centaur warrior
  9511 | D:8      | Reached skill level 7 in Armour
  9541 | D:8      | Reached skill level 8 in Armour
  9676 | D:8      | Found an ancient bone altar of Kikubaaqudgha.
  9748 | D:8      | Noticed a kobold demonologist
  9750 | D:8      | Noticed an ice devil
  9772 | D:8      | Killed a kobold demonologist
  9778 | D:8      | Reached skill level 11 in Axes
 10051 | D:8      | Reached XP level 10. HP: 94/94 MP: 9/9
 10109 | D:8      | Reached skill level 11 in Fighting
 10245 | Lair:1   | Entered Level 1 of the Lair of Beasts
 10373 | Lair:1   | Received a gift from Trog
 10378 | Lair:1   | Reached skill level 9 in Armour
 10383 | Lair:1   | Reached ***** piety under Trog
 10566 | Lair:1   | Reached skill level 12 in Axes
 10604 | Lair:1   | Noticed a spiny frog
 10611 | Lair:1   | Killed a spiny frog
 10790 | Lair:1   | Received a gift from Trog
 10793 | Lair:1   | Got a steaming war axe {god gift}
 10794 | Lair:1   | Identified the +6 war axe "Xurghahi" {flame, rC+++ MR+++ MP-9 Int+3} (Trog gifted it to you on level 1 of the Lair of Beasts)
 10832 | Lair:1   | Noticed a spiny frog
 10842 | Lair:1   | Killed a spiny frog
 11034 | Lair:1   | Noticed a spiny frog
 11046 | Lair:1   | Reached skill level 13 in Axes
 11046 | Lair:1   | Killed a spiny frog
 11046 | Lair:1   | Reached skill level 10 in Armour
 11047 | Lair:1   | Reached skill level 12 in Fighting
 11912 | Lair:2   | Noticed a spiny frog
 11920 | Lair:2   | Killed a spiny frog
 11920 | Lair:2   | Reached XP level 11. HP: 104/104 MP: 1/10
 12482 | Lair:2   | Found a blossoming altar of Fedhas.
 12482 | Lair:2   | Noticed an oklob plant
 13085 | Lair:2   | Killed an oklob plant
 13317 | Lair:3   | Reached skill level 14 in Axes
 13349 | Lair:3   | HP: 26/105 [blink frog (10)]
 13912 | Lair:3   | Reached skill level 11 in Armour
 14142 | Lair:3   | Noticed a griffon
 14153 | Lair:3   | Killed a griffon
 14373 | Lair:3   | Reached skill level 13 in Fighting
 14390 | Lair:3   | Reached skill level 15 in Axes
 15104 | Lair:4   | Found a hole to the Spider Nest.
 15130 | Lair:4   | Reached XP level 12. HP: 96/115 MP: 2/11
 16134 | Lair:5   | Found a staircase to the Shoals.
 16187 | Lair:5   | Found a dark tunnel.
 16197 | Volcano  | Entered a volcano
 16221 | Volcano  | Reached skill level 12 in Armour
 16478 | Volcano  | Received a gift from Trog
 16630 | Volcano  | Noticed an ogre mage
 16647 | Volcano  | Killed an ogre mage
 16647 | Volcano  | Reached skill level 16 in Axes
 16661 | Volcano  | Found a radiant altar of Vehumet.
 17570 | Lair:6   | Identified a +2 rod of ignition (14/14) (You found it on level 5 of the Lair of Beasts)
 17691 | Lair:6   | Reached ****** piety under Trog
 17781 | Lair:6   | Reached skill level 14 in Fighting
 18871 | Lair:7   | Received a gift from Trog
 18874 | Lair:7   | Reached skill level 17 in Axes
 19068 | Lair:7   | Reached XP level 13. HP: 119/125 MP: 3/12
 19186 | Lair:7   | Reached skill level 13 in Armour
 19239 | Lair:7   | Found a viscous altar of Jiyva.
 19239 | Lair:7   | Found a staircase to the Slime Pits.
 20664 | Slime:1  | Entered Level 1 of the Pits of Slime
 20685 | Lair:8   | Entered Level 8 of the Lair of Beasts
 20987 | Lair:8   | Received a gift from Trog
 21090 | Lair:8   | Reached skill level 15 in Fighting
 21141 | Lair:8   | Reached skill level 18 in Axes
 21423 | Lair:8   | Noticed Nessos
 21443 | Lair:8   | Killed Nessos
 22079 | Lair:8   | Noticed a fire dragon
 22102 | Lair:8   | Killed a fire dragon
 22105 | Lair:8   | Reached skill level 14 in Armour
 22650 | D:9      | Found a staircase to the Orcish Mines.
 23012 | D:9      | Found Sipucega's Assorted Antiques.
 23155 | D:9      | Found a bloodstained altar of Trog.
 23163 | D:9      | Found a shimmering altar of Xom.
 23611 | Orc:1    | Entered Level 1 of the Orcish Mines
 23611 | Orc:1    | Noticed Urug
 23613 | Orc:1    | Noticed an ettin
 23613 | Orc:1    | Noticed an ettin
 23616 | Orc:1    | Received a gift from Trog
 23623 | Orc:1    | Killed Urug
 23635 | Orc:1    | Killed an ettin
 23638 | Orc:1    | Killed an ettin
 23638 | Orc:1    | Reached XP level 14. HP: 63/135 MP: 13/13
 23916 | Orc:1    | Found a bloodstained altar of Trog.
 24494 | Orc:2    | Entered Level 2 of the Orcish Mines
 24549 | Orc:2    | Received a gift from Trog
 24598 | Orc:2    | Found Kanun's Book Emporium.
 24617 | Orc:2    | Reached skill level 19 in Axes
 24695 | Orc:2    | Found a staircase to the Elven Halls.
 24712 | Orc:2    | HP: 46/202 [ettin/dire flail of draining (20)]
 25039 | Orc:2    | Identified a -1 rod of shadows (12/12) (You found it on level 9 of the Dungeon)
 25275 | Orc:2    | Noticed an orc warlord
 25281 | Orc:2    | Paralysed by an orc sorcerer for 5 turns
 25289 | Orc:2    | Killed an orc warlord
 25608 | Orc:2    | Received a gift from Trog
 25892 | Orc:2    | Reached skill level 16 in Fighting
 25896 | Orc:2    | Found Yrhado's Gadget Shop.
 25896 | Orc:2    | Found Ylulus's Book Shoppe.
 26077 | Orc:2    | Found Pyned Ybe's General Store.
 26077 | Orc:2    | Found Ottaostra's Gadget Shoppe.
 26231 | Orc:2    | Bought a phial of floods for 560 gold pieces
 26231 | Orc:2    | Bought a cursed +2 rod of clouds (9/9) for 1120 gold pieces
 26270 | Orc:2    | Got a brightly glowing hunting sling {god gift}
 26365 | D:10     | Entered Level 10 of the Dungeon
 26440 | D:10     | Found Rikamej's Gadget Shoppe.
 26685 | D:10     | Reached skill level 1 in Evocations
 27127 | D:10     | Found a sparkling altar of Nemelex Xobeh.
 27314 | D:10     | Received a gift from Trog
 27886 | D:11     | Noticed Chiseanne's ghost (journeyman CeAE)
 27900 | D:11     | Killed Chiseanne's ghost
 28053 | D:11     | Reached skill level 2 in Evocations
 28840 | D:11     | Reached skill level 3 in Evocations
 28918 | D:11     | Noticed Josephine
 28923 | D:11     | Killed Josephine
 29396 | D:11     | Received a gift from Trog
 29949 | D:11     | Reached skill level 4 in Evocations
 29951 | D:11     | Reached skill level 20 in Axes
 30426 | D:11     | Found a snail-covered altar of Cheibriados.
 30794 | D:11     | Reached skill level 15 in Armour
 30983 | D:12     | Found a basalt altar of Yredelemnul.
 31408 | D:12     | Reached XP level 15. HP: 131/145 MP: 17/17
 31581 | D:12     | Reached skill level 3 in Dodging
 31581 | D:12     | Reached skill level 5 in Evocations
 32233 | D:13     | Received a gift from Trog
 32392 | D:13     | Noticed Snorg
 32402 | D:13     | Killed Snorg
 32517 | D:13     | Reached skill level 4 in Dodging
 32543 | D:13     | Got a shimmering platinum ring
 32547 | D:13     | Identified the ring "Astruut" {rC+ MR+ Dex+4 Stlth+} (You found it on level 13 of the Dungeon)
 33056 | D:14     | Reached skill level 6 in Evocations
 33087 | D:14     | Received a gift from Trog
 33158 | D:14     | Found a gate to the Vaults.
 33273 | D:14     | Noticed Maud
 33288 | D:14     | Killed Maud
 33288 | D:14     | Reached skill level 5 in Dodging
 33808 | D:15     | Entered Level 15 of the Dungeon
 33822 | D:15     | Reached skill level 7 in Evocations
 33846 | D:15     | Noticed Harold
 33846 | D:15     | Noticed an orc warlord
 33846 | D:15     | Noticed abixa's ghost (adept HuAr)
 33848 | D:15     | Found a labyrinth entrance.
 33920 | Lab      | Entered a labyrinth
 34085 | Lab      | Got a pair of pitted gloves
 34096 | Lab      | Identified the +0 pair of gloves of Aphiruri {rC+ Int+2} (You found it in a labyrinth)
 34256 | D:14     | Killed an orc warlord
 34446 | D:15     | Reached skill level 17 in Fighting
 34475 | D:15     | Reached skill level 6 in Dodging
 34594 | D:15     | Killed abixa's ghost
 34606 | D:15     | Killed Harold
 34629 | D:15     | Reached skill level 8 in Evocations
 34929 | D:15     | Found a staircase to the Depths.
 35632 | Shoals:1 | Entered Level 1 of the Shoals
 35644 | Shoals:1 | HP: 34/147 [drowned by a water elemental (6)]
 35645 | Shoals:1 | Received a gift from Trog
 35645 | Shoals:1 | Reached XP level 16. HP: 25/155 MP: 21/21
 35660 | Shoals:1 | HP: 31/155 [drowned by a drowned soul[a merfolk avatar] (9)]
 35994 | Shoals:1 | Reached skill level 16 in Armour
 36283 | Shoals:1 | Reached skill level 7 in Dodging
 36504 | Shoals:1 | Reached skill level 9 in Evocations
 36586 | Shoals:1 | Noticed a kraken
 36600 | Shoals:1 | Killed a kraken
 37441 | Shoals:2 | Noticed Donald
 37449 | Shoals:2 | Killed Donald
 37737 | Shoals:2 | Reached skill level 10 in Evocations
 38206 | Shoals:3 | Reached skill level 8 in Dodging
 38252 | Shoals:3 | Received a gift from Trog
 38688 | Shoals:3 | Noticed Jorgrun
 38703 | Shoals:3 | Killed Jorgrun
 38773 | Shoals:3 | Reached skill level 18 in Fighting
 38828 | Shoals:3 | Found a radiant altar of Vehumet.
 38834 | Shoals:3 | Noticed a kraken
 38854 | Shoals:3 | Killed a kraken
 38999 | Shoals:4 | Entered Level 4 of the Shoals
 39177 | Shoals:4 | Noticed Louise
 39184 | Shoals:4 | Noticed Ilsuiw
 39196 | Shoals:4 | Killed Louise
 39219 | Shoals:4 | Killed Ilsuiw
 39315 | Shoals:4 | Reached XP level 17. HP: 161/163 MP: 24/24
 39340 | Shoals:4 | Reached skill level 11 in Evocations
 39533 | Shoals:4 | Received a gift from Trog
 39533 | Shoals:4 | Reached skill level 17 in Armour
 39829 | Shoals:4 | Reached skill level 9 in Dodging
 39837 | Shoals:4 | HP: 41/166 [poisoned by a merfolk javelineer]
 39856 | Shoals:4 | HP: 37/166 [merfolk impaler/trident of piercing (8)]
 40298 | Shoals:4 | Received a gift from Trog
 40719 | Shoals:4 | Got a barnacled rune of Zot
 40901 | Lair:4   | Gained mutation: You are covered in fur (AC +1). [potion of mutation]
 40901 | Lair:4   | Gained mutation: You evolve. [potion of mutation]
 40901 | Lair:4   | Gained mutation: Your movements are slightly less encumbered by armour (ER -2). [potion of mutation]
 40902 | Lair:4   | Gained mutation: You are robust (+10% HP). [potion of beneficial mutation]
 40921 | Spider:1 | Entered Level 1 of the Spider Nest
 41412 | Spider:1 | Reached skill level 12 in Evocations
 41612 | Spider:1 | Got a dazzling ring mail
 41791 | Spider:2 | Received a gift from Trog
 41796 | Spider:1 | HP: 40/182 [spark wasp (12)]
 42498 | Spider:2 | Reached skill level 10 in Dodging
 42583 | Spider:3 | Received a gift from Trog
 42922 | Spider:3 | Identified a +4 rod of clouds (9/9) (You found it on level 3 of the Spider Nest)
 42990 | Spider:3 | Got a spiked chain mail
 43383 | Spider:3 | Reached skill level 19 in Fighting
 43418 | Spider:3 | Reached XP level 18. HP: 193/193 MP: 26/26
 43608 | Spider:4 | Entered Level 4 of the Spider Nest
 43608 | Spider:4 | Noticed Arachne
 43619 | Spider:4 | Killed Arachne
 43685 | Spider:4 | Received a gift from Trog
 43686 | Spider:4 | Reached skill level 13 in Evocations
 43840 | Spider:4 | Noticed Norris
 43852 | Spider:4 | Killed Norris
 43944 | Spider:4 | Reached skill level 18 in Armour
 44242 | Spider:4 | Reached skill level 11 in Dodging
 44336 | Spider:4 | Lost mutation: Your movements are slightly less encumbered by armour (ER -2). [evolution]
 44785 | Spider:4 | Received a gift from Trog
 45014 | Spider:4 | Got a gossamer rune of Zot
 45569 | Vaults:1 | Entered Level 1 of the Vaults
 45805 | Vaults:1 | Reached skill level 14 in Evocations
 45838 | Vaults:1 | Noticed Nikola
 45861 | Vaults:1 | Killed Nikola
 45899 | Vaults:1 | Received a gift from Trog
 45992 | Vaults:1 | Reached XP level 19. HP: 113/202 MP: 9/28
 46219 | Vaults:1 | Got a spiked scale mail
 46461 | Vaults:1 | Reached skill level 12 in Dodging
 46735 | Vaults:1 | Received a gift from Trog
 46775 | Vaults:1 | Gained mutation: Your muscles are strong. (Str +2) [evolution]
 47501 | Vaults:1 | Reached skill level 20 in Fighting
 47835 | Vaults:2 | Got a dazzling ring mail
 47974 | Vaults:2 | Found Xeneu's Antique Weapon Emporium.
 48091 | Vaults:2 | Reached skill level 19 in Armour
 48129 | Vaults:2 | Reached skill level 15 in Evocations
 48369 | Vaults:2 | Received a gift from Trog
 49563 | Vaults:3 | Found Uhiaph's General Store.
 49563 | Vaults:3 | Found Syuchelu's Weapon Shoppe.
 49571 | Vaults:3 | Found Eruran's Food Shoppe.
 49835 | Vaults:3 | Bought a potion of heal wounds for 100 gold pieces
 49835 | Vaults:3 | Bought a potion of heal wounds for 100 gold pieces
 49887 | Vaults:3 | Received a gift from Trog
 50269 | Vaults:3 | Reached skill level 13 in Dodging
 50565 | Vaults:3 | Found a staircase to the Crypt.
 50602 | Vaults:3 | Reached XP level 20. HP: 165/214 MP: 10/30
 51167 | Vaults:4 | Found Tinydur's Distillery.
 51185 | Vaults:4 | Received a gift from Trog
 51302 | Vaults:4 | Bought a potion of curing for 63 gold pieces
 51302 | Vaults:4 | Bought a potion of heal wounds for 105 gold pieces
 51302 | Vaults:4 | Bought a potion of might for 84 gold pieces
 51302 | Vaults:4 | Bought a potion of curing for 63 gold pieces
 51302 | Vaults:4 | Bought a potion of curing for 63 gold pieces
 51302 | Vaults:4 | Bought a potion of agility for 84 gold pieces
 51302 | Vaults:4 | Bought a potion of heal wounds for 105 gold pieces
 51702 | Vaults:4 | Found a sparkling altar of Nemelex Xobeh.
 51974 | Vaults:4 | Reached skill level 16 in Evocations
 52316 | Vaults:4 | Received a gift from Trog
 52661 | Crypt:1  | Entered Level 1 of the Crypt
 53378 | Crypt:1  | Reached skill level 21 in Fighting
 53643 | Crypt:2  | Reached skill level 14 in Dodging
 54061 | Crypt:2  | Reached skill level 20 in Armour
 54807 | Crypt:3  | Entered Level 3 of the Crypt
 55018 | Crypt:3  | Reached skill level 17 in Evocations
 55018 | Crypt:3  | Reached XP level 21. HP: 147/224 MP: 10/32
 55577 | Crypt:3  | Got a slimy chain mail
 55589 | Crypt:3  | Found a basalt altar of Yredelemnul.
 55863 | Crypt:3  | Found a staircase to the Tomb.
 56061 | Crypt:3  | Noticed an ancient lich
 56071 | Crypt:3  | Killed an ancient lich
 56220 | Crypt:3  | Lost mutation: You evolve. [evolution]
 56234 | Crypt:3  | HP: 50/225 [ancient champion/iron shot (12)]
 56240 | Crypt:3  | HP: 45/225 [ancient champion/iron shot (3)]
 56295 | Crypt:3  | HP: 84/337 [flayed ghost/flay_damage (40)]
 56299 | Crypt:3  | HP: 37/225 [flayed ghost/flay_damage (22)]
 56644 | Crypt:3  | Reached skill level 15 in Dodging
 56676 | Crypt:3  | Identified a +6 rod of clouds (9/9) {!a} (You took it off a vampire on level 3 of the Crypt)
 56787 | Crypt:3  | Found a basalt altar of Yredelemnul.
 56787 | Crypt:3  | Noticed a curse toe
 56790 | Crypt:3  | HP: 56/225 [??? (53)]
 56792 | Crypt:3  | Noticed a curse toe
 57059 | Crypt:3  | Killed a curse toe
 57067 | Crypt:3  | Killed a curse toe
 57101 | Crypt:3  | Found an ancient bone altar of Kikubaaqudgha.
 57843 | Elf:1    | Entered Level 1 of the Elven Halls
 57900 | Elf:1    | Received a gift from Trog
 57963 | Elf:1    | Identified a scroll of acquirement
 58173 | Elf:1    | Noticed Frances
 58183 | Elf:1    | Killed Frances
 58232 | Elf:1    | Found Siotzion's Armour Boutique.
 58485 | Elf:1    | Reached skill level 18 in Evocations
 59226 | Elf:2    | Noticed Roxanne
 59238 | Elf:2    | Killed Roxanne
 59283 | Elf:2    | Reached XP level 22. HP: 215/236 MP: 11/34
 59305 | Elf:2    | Received a gift from Trog
 59474 | Elf:2    | Found a runed gate.
 59474 | Elf:2    | Found a runed gate.
 59474 | Elf:2    | Found a runed gate.
 59504 | Elf:2    | Noticed Saint Roka
 59527 | Elf:2    | Killed Saint Roka
 59527 | Elf:2    | Reached skill level 22 in Fighting
 59790 | Elf:2    | Reached skill level 21 in Armour
 59807 | Elf:2    | Noticed Asterion
 59820 | Elf:2    | Killed Asterion
 60049 | Elf:2    | Cast into level 3 of the Abyss (quick blade of distortion)
 60168 | Abyss:4  | HP: 57/236 [starcursed mass/accursed screaming (13)]
 60168 | Abyss:4  | Paralysed by accursed screaming for 1 turns
 60174 | Abyss:4  | HP: 45/236 [starcursed mass/accursed screaming (13)]
 60182 | Abyss:4  | Found a corrupted altar of Lugonu.
 60213 | Abyss:4  | HP: 57/236 [something (5)]
 60219 | Abyss:4  | HP: 51/236 [raiju/living lightning (11)]
 60231 | Abyss:4  | HP: 46/236 [lurking horror (43)]
 60238 | Abyss:4  | HP: 38/236 [starcursed mass/accursed screaming (6)]
 60257 | Abyss:4  | HP: 55/236 [starcursed mass/accursed screaming (7)]
 60299 | Abyss:4  | HP: 53/236 [hellephant (13)]
 60302 | Abyss:4  | HP: 23/236 [hellephant (10)]
 60321 | Abyss:4  | HP: 54/236 [hellephant/blast of flame (36)]
 60325 | Abyss:4  | Found a corrupted altar of Lugonu.
 60364 | Abyss:4  | Found a corrupted altar of Lugonu.
 60375 | Abyss:4  | HP: 59/236 [thrashing horror (2)]
 60477 | Abyss:4  | Received a gift from Trog
 60625 | Abyss:4  | Reached skill level 16 in Dodging
 60667 | Abyss:4  | Lost intelligence.
 60863 | Abyss:4  | Found a corrupted altar of Lugonu.
 60902 | Abyss:4  | Got an abyssal rune of Zot
 61174 | Abyss:4  | Reached skill level 19 in Evocations
 61332 | Abyss:4  | HP: 56/238 [flayed ghost/flay_damage (28)]
 61341 | Abyss:4  | HP: 49/238 [starcursed mass/accursed screaming (5)]
 61394 | Elf:2    | Escaped the Abyss
 61467 | Elf:3    | Entered Level 3 of the Elven Halls
 61662 | Elf:3    | Received a gift from Trog
 61810 | Elf:3    | Reached XP level 23. HP: 133/247 MP: 11/35
 62257 | Elf:3    | Received a gift from Trog
 63138 | D:5      | Fell from the grace of Trog
 63138 | D:5      | Became a worshipper of Makhleb the Destroyer
 63447 | Depths:1 | Entered Level 1 of the Depths
 63451 | Depths:1 | Noticed Mara
 63458 | Depths:1 | Noticed kroki's illusion
 63742 | Depths:1 | Noticed kroki's illusion
 63824 | Depths:1 | Noticed kroki's illusion
 64042 | Depths:1 | Reached * piety under Makhleb
 64043 | Depths:1 | Reached skill level 17 in Dodging
 64045 | Depths:1 | Reached skill level 22 in Armour
 64130 | Depths:1 | Found a gateway to Hell.
 64137 | Depths:1 | Found a one-way gate to the infinite horrors of the Abyss.
 64225 | Depths:1 | Noticed kroki's illusion
 64236 | Depths:1 | Killed Mara
 64484 | Depths:1 | Reached skill level 20 in Evocations
 64561 | Depths:1 | Gained mutation: You passively map a small area around you. [potion of beneficial mutation]
 64803 | Depths:1 | Found a one-way gate leading to the halls of Pandemonium.
 64818 | Depths:1 | Reached ** piety under Makhleb
 65930 | Depths:3 | Found a gateway to a ziggurat.
 65953 | Depths:3 | Reached *** piety under Makhleb
 66261 | Depths:3 | Noticed a caustic shrike
 66262 | Depths:3 | Noticed a caustic shrike
 66269 | Depths:3 | Noticed a caustic shrike
 66270 | Depths:3 | Noticed a caustic shrike
 66284 | Depths:3 | Killed a caustic shrike
 66298 | Depths:3 | Killed a caustic shrike
 66298 | Depths:3 | Reached **** piety under Makhleb
 66303 | Depths:3 | HP: 56/247 [acid (9)]
 66310 | Depths:3 | HP: 53/247 [ice dragon/blast of cold (1)]
 66324 | Depths:3 | Reached XP level 24. HP: 159/257 MP: 12/36
 66367 | Depths:3 | Reached ***** piety under Makhleb
 66485 | Depths:3 | HP: 61/257 [caustic shrike (16)]
 66491 | Depths:3 | HP: 60/257 [something (8)]
 66494 | Depths:3 | HP: 26/257 [something/vampiric draining (12)]
 66500 | Depths:3 | HP: 25/257 [deep troll (8)]
 66502 | Depths:3 | HP: 12/257 [something (4)]
 66502 | Depths:3 | HP: 4/257 [something (8)]
 66891 | Depths:3 | Reached skill level 18 in Dodging
 66985 | Depths:3 | Paralysed by Trog for 3 turns
 67010 | Depths:3 | Got a warped scale mail
 67055 | Depths:3 | Reached skill level 21 in Evocations
 67600 | Depths:3 | Reached skill level 23 in Armour
 68305 | Depths:4 | Reached ****** piety under Makhleb
 68328 | Depths:4 | Got a coiled tin amulet
 68330 | Depths:4 | Identified the amulet "Fauros" {Faith Int+6} (You took it off a spriggan defender on level 4 of the Depths)
 68354 | Depths:4 | Noticed Mennas
 68356 | Depths:4 | Noticed the Enchantress
 68388 | Depths:4 | HP: 61/257 [the Enchantress/rapier of venom (7)]
 68394 | Depths:4 | HP: 54/257 [poisoned by the Enchantress]
 68399 | Depths:4 | HP: 50/257 [something (5)]
 68403 | Depths:4 | HP: 24/257 [something (9)]
 68409 | Depths:4 | Killed from afar by a spriggan air mage

Vault maps used:
D:1:      lightli_molten_gateway, item_on_display_a
D:2:      elyvilon_altar_4
D:3:      grunt_temple_overflow_open
D:5:      kennysheep_mini, nicolae_overflow_hidden_temple,
          nicolae_dithmenos_the_darkroom, first_bread
D:6:      serial_corexii_hall, corexii_hall_statues_l, corexii_hall_statues_l,
          corexii_hall_statues_x, corexii_hall_statues_l,
          corexii_hall_statues_i, corexii_hall_statues_i, abandoned_shop
D:7:      minmay_temple_entry_poolview
D:8:      kennysheep_vampire_church, due_lair_maze_entry_diamond,
          blue_anna_alchemist, hex_tiny, minmay_three_doors
D:9:      xom_teletrap_fun, orc_0_dummy, basic_altar, serial_shops,
          nicolae_shop_overgrown_old_shop
D:10:     basic_altar, serial_shops, shop, grunt_decor_resistance,
          serial_bayou_pond_b, grunt_decor_one_mirror, bh_walls_and_bars
D:11:     kennysheep_town, uniq_josephine
D:12:     yredelemnul_altar_generic
D:13:     minmay_more_statues, uniq_snorg
D:14:     grunt_vaults_entry_tiered, moated_statue, uniq_maud
D:15:     grunt_enter_depths_snipers, serial_bayou_pond_c, lab_entry_generic,
          sword_in_stone
Lair:1:   minivault_11
Lair:2:   lemuel_oklob_altar
Lair:3:   minmay_holes, bh_autumn_forest_stairs, serial_bayou_shore_b
Lair:4:   spider_nest_entry_web_field, grunt_megastairs_3
Lair:5:   elwin_shoals_entry_rocks, lightli_volcano_entry_magma_tube,
          grunt_forest_large_clearings
Lair:6:   minivault_23, roderic_batcave
Lair:7:   beast_lair_carwin_large_4, dpeg_slime_entry_enclosed_altar
Lair:8:   guppyfry_lair_end_dragon, uniq_nessos
Shoals:1: ldierk_geyser
Shoals:2: nicolae_shoals_flooded_hall, uniq_donald
Shoals:3: cheibrodos_shoals_oceanic_diplomacy, wheals_shoals_ruined_temple,
          uniq_jorgrun
Shoals:4: shoals_end_simple, shoals_ilsuiw_ice, hangedman_shoal_volcano,
          uniq_louise
Spider:1: nicolae_spider_webs_and_nodes
Spider:2: einodemon_crawler_minivault
Spider:4: grunt_spider_rune_circles, nicolae_spider_cling_ruins, uniq_arachne,
          uniq_norris
Orc:1:    trog_butcher_becter, uniq_urug
Orc:2:    grunt_orc_tribal_feast, serial_shops, shop
Elf:1:    serial_shops, shop_coins, hangedman_corner_corridor, minivault_8,
          uniq_frances
Elf:2:    uniq_roxanne, uniq_saint_roka, uniq_asterion
Elf:3:    grunt_elf_hall_diamonds, nicolae_twisting_strands
Vaults:1: v_misc_30, v_alt_pattern_5, v_misc_23, nicolae_vaults_angled_halls,
          nicolae_vaults_diagonal_hallway_8, nicolae_vaults_three_branches,
          nicolae_vaults_big_angled_halls, v_misc_33, nicolae_vaults_arrows,
          ontoclasm_vaults_ring_small, dpeg_vaults_monster_box,
          vaults_room_glass_cross, vaults_dpeg_diagonal, vaults_room_pool,
          uniq_nikola
Vaults:2: vaults_standard_mumra_lines, ontoclasm_vaults_ring_small,
          vaults_room_pools, v_misc_8, ontoclasm_vaults_decontamination,
          nicolae_vaults_angled_halls, v_misc_27, nicolae_vaults_alarming,
          v_misc_19, serial_shops, shop
Vaults:3: minmay_crypt_entry_skeletal_spiral, hangedman_vaults_hard_town_square
Vaults:4: ontoclasm_vaults_shuriken, nicolae_vaults_shelves_hall,
          vaults_dpeg_doors, v_misc_9, hangedman_vaults_maws,
          nicolae_vaults_big_angled_halls, ontoclasm_vaults_hangar,
          hangedman_vaults_snaps, basic_altar, serial_shops,
          nicolae_shop_statue_plus
Crypt:2:  roderic_lattice_octagonal_star, grunt_megastairs_2
Crypt:3:  lightli_unholy_cathedral,
          nicolae_tomb_entry_unfolded_pyramid_diagonal, basic_altar
Depths:1: serial_column_ruins, column_ruins_portal_astroid, hell_entry,
          abyss_entry_small_statue_room, rand_demon_pan_entry_4,
          hangedman_decor_opposing, uniq_mara
Depths:2: hangedman_opposites_gauntlet, grunt_pan_entry_spiral, hell_entry,
          hangedman_decor_slide_cut, kennysheep_doodads, serial_bayou_shore_a,
          infiniplex_staircase_zigzag_3
Depths:3: grunt_twisty_corner, enter_ziggurat_e, pf_coc_iceberg,
          rand_demon_pan_entry_1, abyss_entry, special_room,
          nrook_mini_backslash, minivault_1, minmay_misc_feat_encased,
          grunt_ministairs_3, ice2_lemuel
Depths:4: grunt_twist_and_shout, minmay_staircase_statues_hall_small,
          abyss_entry_flame_altar, hell_entry, kilobyte_mutagenic_chamber,
          uniq_mennas, uniq_enchantress
Abyss:3:  abyss_furniture_001, evilmike_abyss_exit_plants,
          eino_small_chamber_without_monster, nicolae_abyss_rune_star_stuff,
          hangedman_decor_peaks_small
Abyss:4:  hangedman_shadowy_showcase, hangedman_abyss_or_decor_passed,
          evilmike_abyss_rune_tentacle_tunnel
Lab:      nicolae_lab_dead_adventurers, nicolae_lab_swirl, nicolae_lab_grate
Volcano:  volcano_grotto

Action                   |  1- 3 |  4- 6 |  7- 9 | 10-12 | 13-15 | 16-18 | 19-21 | 22-24 || total
-------------------------+-------+-------+-------+-------+-------+-------+-------+-------++-------
Melee: Hand axe          |    88 |       |       |       |       |       |       |       ||    88
       Dagger            |     2 |   168 |   397 |    75 |       |       |       |       ||   642
       War axe           |       |       |       |   464 |   251 |       |       |       ||   715
       Battleaxe         |       |       |       |       |   868 |   963 |  1551 |  1309 ||  4691
Invok: Berserk           |     2 |     2 |     6 |     1 |     4 |     1 |     2 |       ||    18
       Trog's Hand       |       |       |       |     2 |     7 |     4 |     2 |    14 ||    29
       Brothers in Arms  |       |       |       |     1 |     8 |     4 |     3 |     2 ||    18
       Burn Spellbooks   |       |       |       |     2 |     3 |     4 |     3 |     4 ||    16
       Lesser Servant of |       |       |       |       |       |       |       |     1 ||     1
       Minor Destruction |       |       |       |       |       |       |       |     1 ||     1
 Abil: Evoke Invisibilit |       |       |       |       |       |       |       |     3 ||     3
Evoke: Wand              |       |       |     2 |       |     4 |     7 |       |     7 ||    20
       Rod               |       |       |       |       |    53 |   122 |   107 |    65 ||   347
       Phial of floods   |       |       |       |       |     1 |     4 |       |     2 ||     7
       Deck              |       |       |       |       |       |     1 |     1 |       ||     2
       Fan of gales      |       |       |       |       |       |     1 |       |     1 ||     2
  Use: Scroll            |     4 |     9 |    10 |     9 |    22 |    13 |    14 |    21 ||   102
       Potion            |       |       |     1 |       |     1 |    13 |     5 |    28 ||    48
 Stab: Paralysed         |       |       |       |       |     4 |       |     3 |       ||     7
       Distracted        |       |       |       |       |     6 |     4 |    15 |     7 ||    32
       Confused          |       |       |       |       |     1 |       |       |       ||     1
       Invisible         |       |       |       |       |       |       |       |    20 ||    20
  Eat: Chunk             |     2 |     8 |    19 |     6 |    31 |    33 |    33 |    24 ||   156
       Fruit             |     2 |       |       |       |       |     2 |     1 |     3 ||     8
       Meat ration       |       |     1 |       |       |     1 |     1 |     6 |     3 ||    12
       Beef jerky        |       |       |     2 |       |     4 |     5 |     5 |     2 ||    18
       Bread ration      |       |       |     3 |     5 |     6 |     5 |     1 |       ||    20
       Pizza             |       |       |       |       |     6 |     3 |     2 |     2 ||    13
       Royal jelly       |       |       |       |       |     2 |       |       |     1 ||     3

Vault maps used:
D:1:      lightli_molten_gateway, item_on_display_a
D:2:      elyvilon_altar_4
D:3:      grunt_temple_overflow_open
D:5:      kennysheep_mini, nicolae_overflow_hidden_temple,
          nicolae_dithmenos_the_darkroom, first_bread
D:6:      serial_corexii_hall, corexii_hall_statues_l, corexii_hall_statues_l,
          corexii_hall_statues_x, corexii_hall_statues_l,
          corexii_hall_statues_i, corexii_hall_statues_i, abandoned_shop
D:7:      minmay_temple_entry_poolview
D:8:      kennysheep_vampire_church, due_lair_maze_entry_diamond,
          blue_anna_alchemist, hex_tiny, minmay_three_doors
D:9:      xom_teletrap_fun, orc_0_dummy, basic_altar, serial_shops,
          nicolae_shop_overgrown_old_shop
D:10:     basic_altar, serial_shops, shop, grunt_decor_resistance,
          serial_bayou_pond_b, grunt_decor_one_mirror, bh_walls_and_bars
D:11:     kennysheep_town, uniq_josephine
D:12:     yredelemnul_altar_generic
D:13:     minmay_more_statues, uniq_snorg
D:14:     grunt_vaults_entry_tiered, moated_statue, uniq_maud
D:15:     grunt_enter_depths_snipers, serial_bayou_pond_c, lab_entry_generic,
          sword_in_stone
Lair:1:   minivault_11
Lair:2:   lemuel_oklob_altar
Lair:3:   minmay_holes, bh_autumn_forest_stairs, serial_bayou_shore_b
Lair:4:   spider_nest_entry_web_field, grunt_megastairs_3
Lair:5:   elwin_shoals_entry_rocks, lightli_volcano_entry_magma_tube,
          grunt_forest_large_clearings
Lair:6:   minivault_23, roderic_batcave
Lair:7:   beast_lair_carwin_large_4, dpeg_slime_entry_enclosed_altar
Lair:8:   guppyfry_lair_end_dragon, uniq_nessos
Shoals:1: ldierk_geyser
Shoals:2: nicolae_shoals_flooded_hall, uniq_donald
Shoals:3: cheibrodos_shoals_oceanic_diplomacy, wheals_shoals_ruined_temple,
          uniq_jorgrun
Shoals:4: shoals_end_simple, shoals_ilsuiw_ice, hangedman_shoal_volcano,
          uniq_louise
Spider:1: nicolae_spider_webs_and_nodes
Spider:2: einodemon_crawler_minivault
Spider:4: grunt_spider_rune_circles, nicolae_spider_cling_ruins, uniq_arachne,
          uniq_norris
Orc:1:    trog_butcher_becter, uniq_urug
Orc:2:    grunt_orc_tribal_feast, serial_shops, shop
Elf:1:    serial_shops, shop_coins, hangedman_corner_corridor, minivault_8,
          uniq_frances
Elf:2:    uniq_roxanne, uniq_saint_roka, uniq_asterion
Elf:3:    grunt_elf_hall_diamonds, nicolae_twisting_strands
Vaults:1: v_misc_30, v_alt_pattern_5, v_misc_23, nicolae_vaults_angled_halls,
          nicolae_vaults_diagonal_hallway_8, nicolae_vaults_three_branches,
          nicolae_vaults_big_angled_halls, v_misc_33, nicolae_vaults_arrows,
          ontoclasm_vaults_ring_small, dpeg_vaults_monster_box,
          vaults_room_glass_cross, vaults_dpeg_diagonal, vaults_room_pool,
          uniq_nikola
Vaults:2: vaults_standard_mumra_lines, ontoclasm_vaults_ring_small,
          vaults_room_pools, v_misc_8, ontoclasm_vaults_decontamination,
          nicolae_vaults_angled_halls, v_misc_27, nicolae_vaults_alarming,
          v_misc_19, serial_shops, shop
Vaults:3: minmay_crypt_entry_skeletal_spiral, hangedman_vaults_hard_town_square
Vaults:4: ontoclasm_vaults_shuriken, nicolae_vaults_shelves_hall,
          vaults_dpeg_doors, v_misc_9, hangedman_vaults_maws,
          nicolae_vaults_big_angled_halls, ontoclasm_vaults_hangar,
          hangedman_vaults_snaps, basic_altar, serial_shops,
          nicolae_shop_statue_plus
Crypt:2:  roderic_lattice_octagonal_star, grunt_megastairs_2
Crypt:3:  lightli_unholy_cathedral,
          nicolae_tomb_entry_unfolded_pyramid_diagonal, basic_altar
Depths:1: serial_column_ruins, column_ruins_portal_astroid, hell_entry,
          abyss_entry_small_statue_room, rand_demon_pan_entry_4,
          hangedman_decor_opposing, uniq_mara
Depths:2: hangedman_opposites_gauntlet, grunt_pan_entry_spiral, hell_entry,
          hangedman_decor_slide_cut, kennysheep_doodads, serial_bayou_shore_a,
          infiniplex_staircase_zigzag_3
Depths:3: grunt_twisty_corner, enter_ziggurat_e, pf_coc_iceberg,
          rand_demon_pan_entry_1, abyss_entry, special_room,
          nrook_mini_backslash, minivault_1, minmay_misc_feat_encased,
          grunt_ministairs_3, ice2_lemuel
Depths:4: grunt_twist_and_shout, minmay_staircase_statues_hall_small,
          abyss_entry_flame_altar, hell_entry, kilobyte_mutagenic_chamber,
          uniq_mennas, uniq_enchantress
Abyss:3:  abyss_furniture_001, evilmike_abyss_exit_plants,
          eino_small_chamber_without_monster, nicolae_abyss_rune_star_stuff,
          hangedman_decor_peaks_small
Abyss:4:  hangedman_shadowy_showcase, hangedman_abyss_or_decor_passed,
          evilmike_abyss_rune_tentacle_tunnel
Lab:      nicolae_lab_dead_adventurers, nicolae_lab_swirl, nicolae_lab_grate
Volcano:  volcano_grotto

Table legend:
 A = Turns spent in this place as a percentage of turns spent in the entire game.
 B = Non-inter-level travel turns spent in this place as a percentage of non-inter-level travel turns spent in the entire game.
 C = Inter-level travel turns spent in this place as a percentage of turns spent in this place.
 D = Turns resting spent in this place as a percentage of non-inter-level travel turns spent in this place.
 E = Turns spent auto-exploring this place as a percentage of non-inter-level travel turns spent in this place.
 F = Non-inter-level travel turns spent in this place divided by the number of levels of this place that you've seen.
                   A       B       C       D       E      F
               +-------+-------+-------+-------+-------+----------------------
         Total | 100.0 | 100.0 |   0.4 |   0.9 |   6.5 | 588.5
       Dungeon |  26.6 |  26.5 |   0.6 |   1.0 |   7.7 | 541.3
          Lair |  13.1 |  13.1 |   0.4 |   0.8 |   7.2 | 500.8
        Shoals |   8.5 |   8.6 |   0.3 |   0.9 |   5.6 | 654.2
   Spider Nest |   8.1 |   8.1 |   0.3 |   2.2 |   4.9 | 622.8
    Slime Pits |   0.0 |   0.0 |   0.0 |   0.0 |   0.0 |   3.0
  Orcish Mines |   3.2 |   3.2 |   0.7 |   1.0 |   9.9 | 490.0
   Elven Halls |   6.6 |   6.6 |   0.2 |   0.8 |   7.3 | 671.0
        Vaults |  11.3 |  11.3 |   0.3 |   0.2 |   7.9 | 866.0
         Crypt |   8.2 |   8.2 |   0.2 |   1.0 |   4.9 | 837.3
        Depths |   7.9 |   7.9 |   0.3 |   0.7 |   6.4 | 604.8
         Abyss |   5.2 |   5.2 |   0.0 |   0.5 |   0.6 | 800.0
     Labyrinth |   0.7 |   0.7 |   0.0 |   1.0 |   0.0 | 200.0
       Volcano |   0.6 |   0.6 |   0.0 |   1.1 |   6.2 | 176.0
               +-------+-------+-------+-------+-------+----------------------

Table legend:
 A = Kills in this place as a percentage of kills in entire the game.
 B = Kills by you in this place as a percentage of kills by you in the entire game.
 C = Kills by friends in this place as a percentage of kills by friends in the entire game.
 D = Other kills in this place as a percentage of other kills in the entire game.
 E = Experience gained in this place as a percentage of experience gained in the entire game.
 F = Experience gained in this place divided by the number of levels of this place that you have seen.
                   A       B       C       D       E      F
               +-------+-------+-------+-------+-------+----------------------
         Total | 100.0 | 100.0 | 100.0 | 100.0 | 100.0 | 21296.2
       Dungeon |  20.2 |  21.9 |   5.8 |  22.2 |   7.9 | 5813.1
          Lair |  11.1 |  12.4 |   0.7 |   0.0 |   4.8 | 6642.1
        Shoals |   7.6 |   6.5 |  17.0 |  11.1 |   8.6 | 23850.2
   Spider Nest |   8.7 |   7.9 |  15.2 |   0.0 |   8.0 | 22264.0
  Orcish Mines |   5.2 |   4.8 |   8.7 |   0.0 |   1.6 | 9055.5
   Elven Halls |   7.1 |   6.9 |   8.3 |  11.1 |  11.7 | 43030.0
        Vaults |  14.8 |  14.1 |  21.0 |  22.2 |  16.4 | 45496.8
         Crypt |   7.6 |   7.8 |   5.8 |   0.0 |  13.4 | 49537.0
        Depths |   9.5 |   8.8 |  14.5 |  33.3 |  18.8 | 51943.0
         Abyss |   7.3 |   7.8 |   2.9 |   0.0 |   8.4 | 46316.0
     Labyrinth |   0.2 |   0.3 |   0.0 |   0.0 |   0.2 | 1965.0
       Volcano |   0.6 |   0.7 |   0.0 |   0.0 |   0.2 | 2442.0
               +-------+-------+-------+-------+-------+----------------------
